3167 views
Uploaded 2020-04-22 19:02:45
Game version 1.32.3
6:57 long 2on2 ladder game on (4)CentaurGrove
Saved by zebroni
3167 views
Uploaded 2020-04-22 19:02:45
Game version 1.32.3
6:57 long 2on2 ladder game on (4)CentaurGrove
/ 0.2k
16 buildings @ 2.7k
/ 1k

| Wisp | 13 | 780 | / | 0 |
| Huntress | 4 | 780 | / | 80 |
| total: | 17 | 1560g | / | 80w |
| Altar of Elders | 1 | 180 | / | 50 |
| Moon Well | 4 | 720 | / | 160 |
| Ancient of War | 1 | 150 | / | 60 |
| Hunter's Hall | 1 | 210 | / | 100 |
| Ancient of Wonders | 1 | 90 | / | 30 |
| Ancient of Lore | 2 | 310 | / | 290 |
| Tree of Ages | 1 | 320 | / | 180 |
| Tree of Eternity | 1 | 330 | / | 200 |
| total: | 10 | 1660g | / | 690w |
| 0:03 | Wisp |
| 0:03 | Wisp |
| 0:08 | Altar of Elders |
| 0:18 | Moon Well |
| 0:19 | Wisp |
| 0:19 | Wisp |
| 0:30 | Wisp |
| 0:47 | Wisp |
| 0:47 | Wisp |
| 1:20 | Wisp |
| 1:37 | Wisp |
| 1:53 | Ancient of War |
| 1:56 | Hunter's Hall |
| 2:04 | Moon Well |
| 2:07 | Wisp |
| 2:07 | Wisp |
| 2:18 | Entangling Roots |
| 2:51 | Tree of Ages |
| 2:59 | Huntress |
| 3:09 | Ultravision |
| 3:20 | Huntress |
| 3:52 | Moon Well |
| 3:59 | Huntress |
| 4:15 | Huntress |
| 4:41 | Ancient of Wonders |
| 5:33 | Wisp |
| 5:33 | Wisp |
| 5:35 | Ancient of Lore |
| 5:53 | Moon Well |
| 5:55 | Ancient of Lore |
| 6:41 | Tree of Eternity |

| Wisp | 11 | 660 | / | 0 |
| Archer | 9 | 1170 | / | 90 |
| total: | 20 | 1830g | / | 90w |
| Altar of Elders | 1 | 180 | / | 50 |
| Moon Well | 3 | 540 | / | 120 |
| Ancient of War | 1 | 150 | / | 60 |
| Hunter's Hall | 1 | 210 | / | 100 |
| Tree of Ages | 1 | 320 | / | 180 |
| total: | 6 | 1080g | / | 330w |
| 0:02 | Wisp |
| 0:03 | Wisp |
| 0:03 | Wisp |
| 0:18 | Altar of Elders |
| 0:32 | Moon Well |
| 0:48 | Ancient of War |
| 0:49 | Wisp |
| 0:50 | Wisp |
| 1:09 | Wisp |
| 1:22 | Moon Well |
| 1:28 | Wisp |
| 1:39 | Wisp |
| 1:39 | Wisp |
| 2:02 | Wisp |
| 2:03 | Archer |
| 2:03 | Archer |
| 2:19 | Moon Well |
| 2:31 | Force of Nature |
| 2:39 | Archer |
| 2:42 | Wisp |
| 3:03 | Archer |
| 3:21 | Tree of Ages |
| 3:30 | Archer |
| 3:45 | Archer |
| 4:10 | Hunter's Hall |
| 4:14 | Entangling Roots |
| 4:37 | Archer |
| 4:44 | Archer |
| 5:52 | Archer |
/ 0.3k
18 buildings @ 2.2k
/ 0.6k

| Peasant | 7 | 525 | / | 0 |
| Footman | 7 | 945 | / | 0 |
| Rifleman | 5 | 1025 | / | 150 |
| total: | 19 | 2495g | / | 150w |
| Scout Tower | 1 | 30 | / | 20 |
| Arcane Tower | 1 | 70 | / | 50 |
| Altar of Kings | 1 | 180 | / | 50 |
| Barracks | 1 | 160 | / | 60 |
| Farm | 8 | 640 | / | 160 |
| Arcane Vault | 1 | 130 | / | 30 |
| Blacksmith | 1 | 140 | / | 60 |
| Keep | 1 | 320 | / | 210 |
| total: | 13 | 1280g | / | 380w |
| 0:03 | Peasant |
| 0:09 | Altar of Kings |
| 0:20 | Barracks |
| 0:25 | Peasant |
| 0:26 | Peasant |
| 0:41 | Farm |
| 0:44 | Peasant |
| 0:56 | Farm |
| 0:59 | Peasant |
| 1:22 | Footman |
| 1:26 | Peasant |
| 1:31 | Footman |
| 1:35 | Footman |
| 1:40 | Peasant |
| 1:55 | Footman |
| 2:03 | Farm |
| 2:06 | Farm |
| 2:09 | Scout Tower |
| 2:18 | Holy Light |
| 2:22 | Footman |
| 2:33 | Arcane Vault |
| 3:01 | Blacksmith |
| 3:16 | Footman |
| 3:19 | Arcane Tower |
| 3:21 | Farm |
| 3:24 | Farm |
| 3:47 | Keep |
| 3:56 | Footman |
| 4:04 | Devotion Aura |
| 4:21 | Rifleman |
| 4:27 | Farm |
| 4:31 | Black Gunpowder |
| 4:50 | Rifleman |
| 5:23 | Rifleman |
| 5:25 | Studded Leather Armor |
| 5:41 | Farm |
| 5:53 | Rifleman |
| 6:08 | Defend |
| 6:51 | Rifleman |
| 6:57 | Holy Light |

| Peon | 6 | 450 | / | 0 |
| Grunt | 2 | 400 | / | 0 |
| Troll Headhunter | 6 | 840 | / | 120 |
| total: | 14 | 1690g | / | 120w |
| Altar of Storms | 1 | 180 | / | 50 |
| Barracks | 1 | 180 | / | 50 |
| Orc Burrow | 2 | 320 | / | 80 |
| War Mill | 1 | 205 | / | 0 |
| Stronghold | 1 | 315 | / | 190 |
| total: | 5 | 885g | / | 180w |
| 0:01 | Peon |
| 0:02 | Peon |
| 0:04 | Altar of Storms |
| 0:08 | Barracks |
| 0:32 | Orc Burrow |
| 0:42 | Peon |
| 0:53 | Peon |
| 1:19 | Peon |
| 1:26 | Grunt |
| 1:54 | Grunt |
| 2:00 | Orc Burrow |
| 2:18 | War Mill |
| 2:33 | Feral Spirit |
| 3:07 | Peon |
| 4:08 | Troll Headhunter |
| 4:08 | Troll Headhunter |
| 4:08 | Troll Headhunter |
| 4:08 | Troll Headhunter |
| 5:44 | Troll Headhunter |
| 5:44 | Troll Headhunter |
| 5:45 | Stronghold |
| 5:48 | Steel Armor |
| 5:49 | Steel Ranged Weapons |
⇛